 Dungeon Crawl Stone Soup version 0.28.0 (webtiles) character file.

Game seed: 3622786817549210726

111 AmazingTV the Sneak (level 4, -5/22 HPs)
             Began as a Spriggan Brigand on June 28, 2022.
             Killed by nerve-wracking pain
             ... invoked by Grinder
              (8 damage)
             ... on level 3 of the Dungeon.
             The game lasted 00:06:12 (2501 turns).

AmazingTV the Sneak (Spriggan Brigand)              Turns: 2501, Time: 00:06:12

Health: -5/22      AC:  3    Str:  7    XL:     4   Next: 62%
Magic:  0/5        EV: 16    Int: 12    God:
Gold:   16         SH:  0    Dex: 18    Spells: 3/3 levels left

rFire   . . .      SeeInvis +   a - +2 dagger
rCold   . . .      Faith    .   (no shield)
rNeg    . . .      Spirit   +   s - +0 robe
rPois   .          Reflect  .   (helmet restricted)
rElec   .          Harm     .   c - +0 cloak
rCorr   .          Rampage  .   (gloves unavailable)
Will    .....                   (boots unavailable)
Stlth   +++.......              q - amulet of guardian spirit
HPRegen 0.07/turn               (no ring)
MPRegen 0.09/turn               (no ring)

@: very quick
A: very small, no large weapons, unfitting armour, see invisible, speed 3
a: no special abilities


You were on level 3 of the Dungeon.
You visited 1 branch of the dungeon, and saw 3 of its levels.

You collected 16 gold pieces.

Inventory:

Hand Weapons
 a - a +2 dagger (weapon)
 b - a +0 hunting sling
Missiles
 d - 7 poisoned darts (quivered)
 e - 2 curare-tipped darts
 g - 63 stones
 n - 29 arrows
Armour
 c - a +0 cloak (worn)
 s - a +0 robe (worn)
Jewellery
 q - an amulet of guardian spirit (around neck)
Scrolls
 h - 2 scrolls of immolation {unknown}
 i - 4 scrolls of identify {unknown}
 m - a scroll of vulnerability {unknown}
 o - 2 scrolls of teleportation {unknown}
 r - a scroll of acquirement {unknown}
Potions
 f - a potion of magic {unknown}
 j - 2 potions of resistance {unknown}
 k - 2 potions of lignification {unknown}
 l - a potion of flight {unknown}
 p - a potion of curing {unknown}


   Skills:
 - Level 1.5 Fighting
 * Level 4.1 Short Blades
 + Level 2.4(3.4) Slings
 + Level 2.9(3.2) Throwing
 - Level 1.3 Dodging
 - Level 5.8 Stealth


You had 3 spell levels left.
You didn't know any spells.
Your spell library was empty.

Dungeon Overview and Level Annotations

Branches:
Dungeon (3/15)

Altars:

Shops:
D:2 =

Annotations:
D:3 Grinder


Innate Abilities, Weirdness & Mutations

You are very small and have problems with some larger weapons.
You are too small for most types of armour.
You have supernaturally acute eyesight. (SInv)
You cover ground extremely quickly. (Speed+++)


Message History

g - 63 stones (gained 1)
A giant cockroach comes into view.
You see here 3 gold pieces.
You closely miss the giant cockroach. The giant cockroach closely misses you.
You hit the giant cockroach.
The giant cockroach is severely wounded.
The giant cockroach misses you.
You hit the giant cockroach.
You kill the giant cockroach!
No target in view!
You now have 16 gold pieces (gained 3).
You open the door.
There is an open door here.
Grinder is nearby!
There is an open door here.
Grinder shouts!
You hit Grinder.
Grinder is lightly wounded.
Grinder hits you but does no damage.
You hit Grinder.
Grinder is lightly wounded.
Grinder says, "Wait up."
Grinder misses you.
You hit Grinder. You punch Grinder.
Grinder is lightly wounded.
Grinder gestures at you.
You struggle to resist.
You throw a poisoned dart. The poisoned dart hits Grinder.
Grinder is lightly wounded.
You throw a poisoned dart. The poisoned dart hits Grinder!
Grinder is lightly wounded.
Grinder gestures at you. Pain shoots through your body!
You hit Grinder.
Grinder is moderately wounded.
Grinder hits you!
You writhe in agony.
* * * LOW HITPOINT WARNING * * *
Grinder gestures at you. Pain shoots through your body!
You die...

...........#.##$# #.> ..
........#+##.##.# #.. ..
####....#.##.##.#########..####..
#....#>.#...........^.........
#....#..####..................
####.#..## #...............#
#.#...# #..............<#
#######.#'#.###'#######'#....<#
.............#..@........#..#.#
....)......#.#..............#.#
...........'.....5..........#.#
...........#................#.#
.....##+#####...##.##########.#
.....# #........#......#...
###### #........#.###.##.#.
#............#.# . .
###........#.#<#


You could see Grinder.

Vanquished Creatures
  A scorpion (D:2)
  2 adders
  2 dart slugs
  4 ball pythons
  2 bats (D:1)
  3 endoplasms (D:1)
  5 giant cockroaches
  4 jackals (D:1)
  2 quokkas (D:1)
  3 kobolds
  2 rats (D:1)
30 creatures vanquished.

Vanquished Creatures (others)
  2 plants (D:3)
2 creatures vanquished.

Grand Total: 32 creatures vanquished

Notes
Turn   | Place    | Note
-------+----------+-------------------------------------------
     0 | D:1      | AmazingTV the Spriggan Brigand began the quest for the Orb.
     0 | D:1      | Reached XP level 1. HP: 10/10 MP: 2/2
   365 | D:1      | Reached XP level 2. HP: 10/14 MP: 3/3
   376 | D:1      | Reached skill level 1 in Slings
   779 | D:1      | You fall into a shaft and drop 1 floor!
   785 | D:2      | Reached XP level 3. HP: 18/18 MP: 4/4
   958 | D:2      | Found Rudoqule's Jewellery Shop.
  1009 | D:2      | Found a faded altar of an unknown god.
  1838 | D:3      | Noticed a scorpion
  1923 | D:3      | Noticed Grinder
  2171 | D:2      | Killed a scorpion
  2172 | D:2      | Reached XP level 4. HP: 19/22 MP: 5/5
  2501 | D:3      | Killed from afar by Grinder

Illustrated notes

Levels and vault maps discovered:
D:1:      lightli_molten_gateway, layout_basic
D:2:      layout_loops_ring, basic_ecumenical_altar, serial_shops,
          nicolae_shop_statue_plus, kennysheep_generic_room_9
D:3:      minmay_general_purpose_star, layout_basic,
          mainiacjoe_overflow_alcove_4, uniq_robin, uniq_grinder

Skill      XL: |  1  2  3 |
---------------+----------+-----
Slings         | 1 2 |  2.4
Short Blades   | 3 4 |  4.1
Fighting       | |  1.5
Throwing       | |  2.9
Dodging        | |  1.3
Stealth        | |  5.8

Action                   |  1- 3 |  4- 6 || total
-------------------------+-------+-------++-------
Melee: Dagger            |    93 |    18 ||   111
       Punch             |     1 |     2 ||     3
 Fire: Hunting sling     |     4 |       ||     4
Throw: Dart              |     3 |     2 ||     5
 Stab: Sleeping          |     9 |       ||     9
       Distracted        |     3 |       ||     3
Armor: Robe              |    17 |     3 ||    20
Dodge: Dodged            |    78 |     8 ||    86
